Map: Ulrena

Players

Salocin - Winner!

  • Race: Protoss Protoss
  • League: Bronze

Miltreta

  • Race: Terran Terran

VOD

Have the link to the VOD?

Description

Time

  • Played on: March 9, 2016, 7:43 p.m.
  • Length: 17:56
Show
View Real Time Build Order
Export as new Build Order

Salocin Protoss - Winner!

Build Orders:  

Get SALT Encoding   

  12  0:03  Probe (Chrono Boost)  
  13  0:13  Probe (Chrono Boost)  
  14  0:24  Pylon  
  14  0:33  Probe (Chrono Boost)  
  15  0:44  Probe (Chrono Boost)  
  16  0:53  Pylon  
  16  0:55  Probe (Chrono Boost)  
  16  0:56  Pylon  
  17  0:59  Pylon  
  17  1:04  Pylon  
  17  1:24  Forge  
  17  1:29  Gateway  
  17  2:00  Photon Cannon  
  17  2:02  Photon Cannon  
  17  2:03  Photon Cannon  
  17  2:24  Nexus  
  17  2:51  Assimilator  
  17  2:55  Assimilator  
  17  2:57  Probe (Chrono Boost)  
  18  3:07  Probe (Chrono Boost), Zealot  
  18  3:08  Assimilator  
  18  3:11  Assimilator  
  21  3:18  Probe (Chrono Boost)  
  22  3:28  Probe (Chrono Boost)  
  22  3:34  Zealot  
  22  3:39  Probe (Chrono Boost)  
  25  3:47  Pylon  
  25  3:54  Probe (Chrono Boost), Pylon  
  26  4:05  Probe (Chrono Boost)  
  27  4:15  Probe (Chrono Boost)  
  28  4:23  Pylon  
  28  4:26  Probe (Chrono Boost), Pylon  
  28  4:31  Pylon  
  29  4:36  Probe (Chrono Boost)  
  29  4:37  Cybernetics Core  
  30  4:40  Probe (Chrono Boost)  
  31  4:50  Probe (Chrono Boost)  
  32  4:59  Probe (Chrono Boost)  
  33  5:01  Probe (Chrono Boost), Photon Cannon x2  
  33  5:04  Photon Cannon  
  34  5:10  Probe (Chrono Boost)  
  35  5:20  Probe (Chrono Boost)  
  36  5:23  Gateway  
  36  5:25  Gateway  
  36  5:26  Gateway  
  36  5:29  Zealot  
  38  5:52  Probe (Chrono Boost)  
  38  5:56  Zealot  
  41  6:03  Probe (Chrono Boost)  
  42  6:10  Warp Gate  
  42  6:13  Probe (Chrono Boost)  
  43  6:23  Zealot  
  43  6:24  Probe (Chrono Boost)  
  46  6:32  Nexus  
  42  6:34  Probe (Chrono Boost), Assimilator  
  42  6:36  Assimilator  
  43  6:49  Stargate  
  43  6:50  Stargate  
  43  6:53  Stargate  
  43  6:55  Stargate  
  43  6:59  Probe (Chrono Boost)  
  44  7:03  Probe (Chrono Boost)  
  44  7:08  Zealot x4  
  49  7:10  Probe (Chrono Boost)  
  49  7:13  Probe (Chrono Boost)  
  55  7:20  Probe (Chrono Boost)  
  56  7:24  Probe (Chrono Boost)  
  57  7:31  Probe (Chrono Boost)  
  57  7:34  Probe (Chrono Boost)  
  57  7:35  Zealot  
  61  7:41  Probe (Chrono Boost)  
  62  7:45  Probe (Chrono Boost)  
  63  7:56  Pylon  
  63  7:57  Probe (Chrono Boost)  
  64  7:59  Probe (Chrono Boost), Pylon  
  65  8:07  Probe (Chrono Boost)  
  65  8:10  Probe (Chrono Boost)  
  67  8:18  Probe (Chrono Boost)  
  68  8:20  Probe (Chrono Boost)  
  68  8:23  Gateway  
  68  8:24  Gateway  
  68  8:25  Gateway  
  68  8:26  Gateway  
  69  8:28  Probe (Chrono Boost)  
  69  8:31  Probe (Chrono Boost)  
  71  8:37  Nexus  
  71  8:39  Probe (Chrono Boost)  
  71  8:40  Assimilator  
  72  8:41  Probe (Chrono Boost)  
  72  8:44  Assimilator  
  73  8:50  Stalker x2  
  73  8:51  Stalker x2  
  81  8:58  Void Ray x2  
  81  8:59  Void Ray  
  81  9:00  Void Ray  
  97  9:26  Pylon  
  97  9:29  Pylon  
  97  9:47  Pylon  
  97  9:48  Stalker x4  
  97  9:50  Pylon  
  105  9:54  Pylon  
  105  9:58  Void Ray x4  
  121  10:22  Probe (Chrono Boost)  
  121  10:26  Probe (Chrono Boost)  
  123  10:33  Probe (Chrono Boost)  
  124  10:37  Probe (Chrono Boost)  
  125  10:44  Probe (Chrono Boost)  
  125  10:47  Fleet Beacon, Probe (Chrono Boost)  
  125  10:49  Protoss Ground Weapons Level 1  
  127  10:50  Protoss Air Weapons Level 1  
  127  10:54  Probe (Chrono Boost)  
  128  10:57  Stalker x2  
  128  10:58  Probe (Chrono Boost), Stalker x4  
  141  11:05  Probe (Chrono Boost)  
  141  11:08  Probe (Chrono Boost)  
  143  11:52  Void Ray  
  143  11:53  Void Ray x3  
  159  12:35  Void Ray x2  
  159  12:36  Void Ray x2  
  175  12:43  Protoss Ground Armor Level 1  
  175  12:45  Protoss Air Armor Level 1  
  175  13:18  Void Ray x3  
  187  13:24  Void Ray  
  187  13:38  Nexus  
  187  13:41  Assimilator x2  
  187  13:53  Anion Pulse-Crystals  
  177  14:01  Tempest x3  
  161  14:07  Tempest  
  163  14:37  Twilight Council, Protoss Shields Level 1  
  163  14:44  Pylon, Tempest x3  
  175  14:48  Pylon  
  175  14:50  Tempest  
  179  14:57  Graviton Catapult  
  179  15:29  Protoss Air Weapons Level 2  
  179  15:30  Nexus  
  179  15:35  Tempest x4  
  195  15:37  Nexus  
  195  15:51  Nexus  
  195  16:06  Photon Cannon  
  195  16:08  Photon Cannon  
  195  16:10  Photon Cannon  
  195  16:11  Photon Cannon  
  195  16:13  Photon Cannon  
  195  16:14  Photon Cannon  
  195  16:16  Photon Cannon  
  195  16:17  Photon Cannon  
  195  16:19  Photon Cannon  
  195  16:23  Photon Cannon x2  
  195  16:28  Photon Cannon  
  195  16:29  Photon Cannon  
  195  16:31  Photon Cannon  
  195  16:32  Photon Cannon  
  195  16:34  Photon Cannon  
  195  16:35  Photon Cannon  
  195  16:36  Photon Cannon  
  195  16:38  Photon Cannon  
Show
View Real Time Build Order
Export as new Build Order

Miltreta Terran 

Build Orders:  

Get SALT Encoding   

  12  0:00  SCV  
  13  0:12  SCV  
  14  0:26  SCV  
  15  0:29  Supply Depot  
  15  0:30  Refinery  
  15  0:51  SCV  
  16  0:57  Barracks  
  16  1:03  SCV  
  17  1:04  Supply Depot  
  17  1:16  SCV  
  18  1:26  Refinery  
  18  1:29  Engineering Bay  
  18  1:31  SCV  
  19  1:45  SCV  
  20  1:48  Reaper  
  21  2:00  Barracks  
  21  2:06  Orbital Command  
  21  2:17  Terran Infantry Weapons Level 1  
  22  2:44  Marine  
  22  2:46  SCV  
  23  3:10  Marine  
  24  3:17  Command Center  
  24  3:21  Missile Turret  
  24  3:27  Marine  
  25  3:57  SCV  
  26  4:08  Marine  
  26  4:09  SCV  
  28  4:12  Barracks Tech Lab  
  28  4:21  SCV  
  28  4:22  Factory  
  29  4:26  Marine  
  30  4:44  Marine  
  31  4:53  Combat Shields  
  31  5:00  Terran Infantry Armor Level 1  
  31  5:05  Marine  
  32  5:22  Marine  
  32  5:28  Missile Turret  
  33  5:33  Marine  
  34  5:41  Marauder  
  36  5:45  Starport  
  36  5:46  Widow Mine  
  36  5:49  Missile Turret  
  38  5:57  Marine  
  38  6:02  Marauder  
  41  6:09  Engineering Bay  
  41  6:11  Missile Turret  
  41  6:14  Marine  
  41  6:15  Widow Mine  
  44  6:24  Marauder, Missile Turret  
  46  6:30  Missile Turret  
  46  6:38  Marine  
  46  6:40  Supply Depot  
  46  6:45  Supply Depot  
  46  6:49  Widow Mine  
  49  6:58  Orbital Command  
  48  7:17  Medivac, Starport  
  48  7:18  Widow Mine  
  52  7:37  SCV  
  53  7:44  Marine x2  
  53  7:47  Medivac  
  53  7:49  SCV  
  58  7:59  Liberator  
  58  8:01  SCV  
  58  8:02  Marine x2  
  61  8:13  SCV  
  61  8:19  Concussive Shells  
  65  8:20  Marine x2  
  65  8:23  Building Armor  
  65  8:26  SCV, Neosteel Frame  
  68  8:37  Marine  
  68  8:39  Bunker  
  69  8:43  Command Center  
  69  8:51  Supply Depot  
  69  9:02  Stimpack  
  69  9:40  Factory Tech Lab  
  69  9:43  SCV  
  70  9:55  SCV  
  71  10:07  SCV  
  72  10:21  Orbital Command  
  72  10:34  Refinery  
  72  10:37  Refinery  
  72  10:42  Siege Tank  
  75  10:57  SCV  
  76  11:05  Starport Reactor  
  76  11:08  Starport Tech Lab  
  76  11:09  SCV  
  77  11:14  Siege Tank  
  80  11:21  SCV  
  81  11:33  SCV  
  79  11:45  SCV  
  79  11:46  Siege Tank  
  66  12:46  Marine x2  
  66  12:50  Widow Mine  
  70  12:53  Viking x3  
  76  13:04  Marine x2  
  78  13:18  Widow Mine  
  80  13:21  Marine  
  80  13:22  Marine  
  80  13:23  Viking x3  
  83  13:39  Marine x2  
  85  13:47  Widow Mine  
  87  13:53  Viking  
  87  13:57  Marine x2  
  84  14:15  Widow Mine, Marine x2  
  88  14:33  Marauder  
  88  14:35  Marine  
  91  14:42  Supply Depot  
  91  14:44  Widow Mine  
  93  14:46  Missile Turret  
  93  14:52  Marine, Missile Turret  
  93  14:55  Marauder  
  96  15:10  Marine  
  97  15:16  Marauder  
  99  15:26  Medivac x2  
  99  15:27  Medivac  
  99  15:28  Marine  
  106  15:37  Marine  
  107  15:56  Medivac  
  103  16:50  Marine  
  104  16:57  Supply Depot  
Tags
 
Add a new tag
Caveats
  • Supply blocks, unpowered buildings, or Contaminate may cause inaccurate times.
  • Supply counts are checked every 10 seconds.